Cogmind - Beta 14 @@@ ROGUE MODE // 2024.11.11 @ 22:20:51 Player: MarKhan Result: Destroyed by Y-45 Defender with Beam Rifle Performance ------------- Evolutions (1) 500 Regions Visited (3) 600 Robots Destroyed (27) 135 Value Destroyed (535) 535 Prototype IDs (4) 80 Alien Tech Used (0) 0 Bonus (0) 0 TOTAL SCORE: 1850 Bonus ------- None Cogmind --------- Core Integrity 0/400 Matter 184/300 Energy 99/100 System Corruption 0% Temperature Cool (9) Movement Core (100) Ox1 Location -9/Materials Parts ------- > --- POWER (1) -------- (None) > --- PROPULSION (2) --- (None) > --- UTILITY (4) ------ Disposable Heat Sink Visual Processing Unit Terrain Scan Processor Hacking Suite > --- WEAPON (2) ------- Hammer Mining Claw > --- INVENTORY (5) ---- Rocket Launcher Rocket Launcher Datajack Hammer Maul Peak State ------------ > --- POWER ------------ (None) > --- PROPULSION ------- (None) > --- UTILITY ---------- Visual Processing Unit Terrain Scan Processor Hacking Suite > --- WEAPON ----------- Rocket Launcher Rocket Launcher > --- INVENTORY -------- Rocket Launcher Datajack Mining Claw [Rating: 11] Favorites ----------- Power Light Ion Engine Engine Light Ion Engine Propulsion None Utility Machine Analyzer Device Weight Redist. System Processor Machine Analyzer Hackware Hacking Suite Weapon Mining Claw Energy Gun Small Laser Energy Cannon Beam Cannon Ballistic Gun Assault Rifle Ballistic Cannon Improved Light Cannon Launcher Rocket Launcher Impact Weapon Hammer Slashing Weapon Mining Claw Special Melee Weapon Datajack Build | -11 -10 -10 -9 ------- Run | Yrd Mat Min Mat Slots Evolved 2 | . . . 2 Power . | . . . . Propulsion . | . . . . Utility 2 | . . . 2 Weapon . | . . . . Parts Attached 25 | 3 9 5 8 Power 2 | 1 1 . . Engine 2 | 1 1 . . Core . | . . . . Reactor . | . . . . Propulsion . | . . . . Treads . | . . . . Leg . | . . . . Wheel . | . . . . Hover . | . . . . Flight . | . . . . Utility 8 | . 3 2 3 Device 4 | . 2 1 1 Storage . | . . . . Processor 3 | . 1 1 1 Hackware 1 | . . . 1 Protection . | . . . . Artifact . | . . . . Weapon 15 | 2 5 3 5 Energy Gun 1 | 1 . . . Energy Cannon 1 | . 1 . . Ballistic Gun 2 | 1 1 . . Ballistic Cannon 2 | . 1 1 . Launcher 3 | . 1 . 2 Special Weapon . | . . . . Impact Weapon 1 | . . . 1 Slashing Weapon 4 | . 1 1 2 Piercing Weapon . | . . . . Special Melee Weapon 1 | . . 1 . Unidentified Prototypes . | . . . . Parts Lost 4 | . . 2 2 Power . | . . . . Propulsion . | . . . . Utility 3 | . . 2 1 Weapon 1 | . . . 1 Highest Loss Streak 2 | . . 2 2 To Critical Strikes . | . . . . Average Slot Usage (%) 52 | . 57 48 51 Engine 6 | . 9 4 . Device 11 | . 9 13 8 Processor 13 | . 12 13 19 Hackware 1 | . . . 9 Energy Gun 1 | . 2 . . Energy Cannon 1 | . 3 . . Ballistic Gun 1 | . 2 . . Ballistic Cannon 5 | . 7 4 . Slashing Weapon 7 | . 8 5 10 Special Melee Weapon 3 | . . 7 . Peak Build Rating 11 | 2 10 9 11 Average Rating 6 | 1 7 5 8 On Entrance 4 | . 2 9 5 Naked Turns . | . . . . Heaviest Build 9 | 3 9 9 5 Greatest Support 9 | 3 9 9 3 Greatest Overweight (x) 1 | . 1 . 1 Average Overweight (x) . | . . . . Largest Inventory Capacity 5 | 5 5 5 5 Average Capacity 5 | 5 5 5 5 Most Carried 5 | 3 5 5 5 Average Carried 4 | 1 4 4 4 Final Capacity 5 | 5 5 5 5 Final Carried 5 | 3 5 5 5 Class Distribution -------------------- 91% | Mutant 8% | Scout Dominant Class ---------------- Mutant | -10/Materials Mutant | -10/Mines Scout | -9/Materials Resources | -11 -10 -10 -9 ----------- Run | Yrd Mat Min Mat Matter Collected 511 | 266 152 84 9 Remotely . | . . . . Salvage Created 863 | 220 507 . 136 Parts 57 | 16 31 . 10 Haulers Intercepted 2 | . 2 . . Recyclers Shooed . | . . . . Parts Field Recycled . | . . . . Retrieved Matter . | . . . . Parts Self-Destructed . | . . . . Prevented . | . . . . Kills | -11 -10 -10 -9 ------- Run | Yrd Mat Min Mat Combat Hostiles Destroyed 13 | . 7 1 5 Melee 2 | . . . 2 Guns 3 | . 3 . . Cannons 3 | . 2 1 . AOE 5 | . 2 . 3 Classes Destroyed 12 | 2 6 1 3 Worker 1 | . . . 1 Builder 2 | . 2 . . Tunneler 5 | 5 . . . Hauler 2 | . 2 . . Recycler 2 | 1 1 . . Mechanic 1 | . 1 . . Watcher 2 | . 2 . . Swarmer 3 | . 3 . . Grunt 5 | . 4 . 1 Duelist 1 | . . . 1 Sentry 3 | . . . 3 Assembled 1 | . . 1 . Best Kill Streak 6 | 6 5 1 5 Combat Bots Only 4 | . 3 1 4 Max Kills in Single Turn 3 | 1 3 1 3 Gunslinging . | . . . . Exploded 2 | . 2 . 2 Melee 1 | . . . 1 Uniques/NPCs Destroyed . | . . . . Combat | -11 -10 -10 -9 -------- Run | Yrd Mat Min Mat Hostile Shots Fired 59 | . 13 5 41 Missed 20 | . 6 2 12 Damage Taken 774 | . 105 94 575 Core 525 | . 49 65 411 Absorbed by Shields . | . . . . Core Remaining (%) 77 | 100 . 54 . Volleys Fired 69 | 12 47 7 3 Largest 2 | 2 2 1 2 Hottest 70 | 60 70 39 66 Shots Fired 97 | 23 62 7 5 Gun 52 | 23 29 . . Cannon 39 | . 32 7 . Launcher 6 | . 1 . 5 Special . | . . . . Kinetic 39 | 12 20 7 . Thermal 52 | 11 41 . . Explosive 6 | . 1 . 5 Electromagnetic . | . . . . Robot Hit Streak 12 | 7 12 2 6 Robot Miss Streak 3 | 3 3 1 . Penetration Max . | . . . . Secondary Targets 1 | . 1 . . Max Gunslinging Chain 1 | . 1 . . Shots Hit Robots 69 | 14 38 6 11 Core Hits 41 | 7 20 2 12 Critical Kills . | . . . . Critical Parts Destroyed . | . . . . Critical Strikes . | . . . . Melee Attacks 14 | . . 2 12 Impact . | . . . . Slashing 13 | . . 1 12 Piercing . | . . . . Sneak Attacks 2 | . . 2 . Combat Hostiles . | . . . . Follow-up Attacks . | . . . . Damage Inflicted 1370 | 172 621 128 449 Guns 401 | 172 229 . . Cannons 411 | . 327 84 . Explosions 372 | . 65 . 307 Melee 186 | . . 44 142 Ramming . | . . . . Kinetic 336 | 85 167 84 . Thermal 476 | 87 389 . . Explosive 372 | . 65 . 307 Electromagnetic . | . . . . Impact . | . . . . Slashing 186 | . . 44 142 Piercing . | . . . . Highest Corruption 4 | . . 4 . Average Corruption 3 | . . 3 . Corruption Purged . | . . . . Corruption Blocked . | . . . . Effects 9 | . . 9 . Message Errors 3 | . . 3 . Heat Flow Errors 2 | . . 2 . Parts Rejected 1 | . . 1 . Data Loss (minor) 1 | . . 1 . Data Loss (major) 2 | . . 2 . Overload Shots . | . . . . Overflow Damage 9 | . . 9 . Projectiles 5 | . . 5 . Explosions . | . . . . Melee 4 | . . 4 . Knockbacks 1 | . . 1 . Impact . | . . . . Kinetic 1 | . . 1 . Secondary . | . . . . Self-Inflicted Damage 136 | . . . 136 Shots 5 | . . . 5 Rammed . | . . . . Targets Rammed . | . . . . Kicked . | . . . . Crushed . | . . . . Highest Temperature 140 | . 140 139 6 Average Temperature 38 | . 38 39 4 Received Heat Transfer 195 | . 78 . 117 Siege Activations . | . . . . Robots Corrupted . | . . . . Combat Hostiles . | . . . . Parts Fried . | . . . . Impact Corruptions . | . . . . Robots Melted . | . . . . Combat Hostiles . | . . . . Parts Melted 1 | . 1 . . Heat Transferred 1042 | 200 842 . . Parts Sabotaged . | . . . . Parts Stolen . | . . . . Parts Stripped . | . . . . Power Chain Reactions . | . . . . Alert | -11 -10 -10 -9 ------- Run | Yrd Mat Min Mat Peak Influence 339 | 30 339 57 217 Initial 56 | . 19 56 5 Average 94 | 11 180 24 75 Maximum Alert Level 1 | . 1 . 1 Low Security (%) 83 | 100 66 100 80 Level 1 16 | . 33 . 19 Level 2 . | . . . . Level 3 . | . . . . Level 4 . | . . . . Level 5 . | . . . . High Security . | . . . . Max Security . | . . . . Squads Dispatched 1 | . . . 1 Investigation 1 | . . . 1 Extermination . | . . . . Reinforcement . | . . . . Assault . | . . . . Garrison . | . . . . Intercept . | . . . . Searches Triggered . | . . . . Construction Impeded . | . . . . Haulers Reinforced . | . . . . Active Scanning Responses . | . . . . Cargo Convoy Interrupts . | . . . . Stealth | -11 -10 -10 -9 --------- Run | Yrd Mat Min Mat Distress Signals 1 | . . 1 . Communications Jammed . | . . . . Distress Signals . | . . . . Times Spotted 37 | . 13 16 8 Peak Tracking Total 20 | . 3 20 5 Tactical Retreats 5 | . . 5 . Traps | -11 -10 -10 -9 ------- Run | Yrd Mat Min Mat Traps Triggered . | . . . . Indirectly . | . . . . Trap Hack Attempts . | . . . . Triggered . | . . . . Disarmed 3 | . 3 . . Reprogrammed . | . . . . Reused . | . . . . Traps Extracted . | . . . . Installed 5 | . . 5 . Triggered . | . . . . Machines | -11 -10 -10 -9 ---------- Run | Yrd Mat Min Mat Machines Disabled 2 | . 1 . 1 Max in Single Turn 1 | . 1 . 1 Machines Repaired . | . . . . Machines Dismantled . | . . . . Machines Sabotaged . | . . . . Overloaded Fab Kills . | . . . . Hacking | -11 -10 -10 -9 --------- Run | Yrd Mat Min Mat Machines Accessed 15 | . 10 1 4 Terminals 12 | . 8 1 3 Fabricators . | . . . . Repair Stations . | . . . . Recycling Units 2 | . 2 . . Scanalyzers 1 | . . . 1 Garrison Access . | . . . . Total Hacks 65 | . 38 3 24 Successful 48 | . 28 . 20 Failed 16 | . 9 3 4 Catastrophic 3 | . . 3 . Database Lockouts 1 | . 1 . . Manual 36 | . 26 3 7 Terminals 50 | . 31 3 16 Fabricators . | . . . . Repair Stations . | . . . . Recycling Units 7 | . 7 . . Scanalyzers 8 | . . . 8 Garrison Access . | . . . . Terminal Hacks 15 | . 10 . 5 Part Schematic 2 | . 2 . . Robot Analysis 3 | . 3 . . Prototype ID Bank 2 | . 2 . . Emergency Access Points 1 | . . . 1 Terminal Index 1 | . 1 . . Disarm Traps 1 | . 1 . . Transport Status 1 | . . . 1 Hauler Manifests 2 | . 1 . 1 Zone Layout 2 | . . . 2 Fabricator Hacks . | . . . . Repair Station Hacks . | . . . . Recycling Unit Hacks 1 | . 1 . . Retrieve Components 1 | . 1 . . Scanalyzer 8 | . . . 8 Insert Component 4 | . . . 4 Analyze 4 | . . . 4 Garrison Access Hacks . | . . . . Unauthorized Hacks 24 | . 17 . 7 Terminals 20 | . 13 . 7 Assimilate 1 | . 1 . . Botnet 9 | . 6 . 3 Operators 2 | . 1 . 1 Skim 8 | . 5 . 3 Fabricators . | . . . . Repair Stations . | . . . . Recycling Units 4 | . 4 . . Reject 2 | . 2 . . Recyclers 2 | . 2 . . Scanalyzers . | . . . . Garrison Access . | . . . . Data Cores Recovered . | . . . . Used . | . . . . Hacking Detections 14 | . 10 1 3 Full Trace Events 2 | . . 1 1 Feedback Events . | . . . . Feedback Blocked . | . . . . Robot Schematics Acquired . | . . . . Robots Built . | . . . . Authchips . | . . . . Time . | . . . . Total Robot Build Rating . | . . . . Part Schematics Acquired 6 | . 2 . 4 Parts Built . | . . . . Authchips . | . . . . Time . | . . . . Total Part Build Rating . | . . . . Parts Repaired . | . . . . Time . | . . . . Parts Recycled . | . . . . Recycled Matter . | . . . . Retrieved Matter . | . . . . Retrieved Components 3 | . 3 . . Parts Scanalyzed 4 | . . . 4 Part Schematics Acquired 4 | . . . 4 Parts Damaged . | . . . . Bothacking | -11 -10 -10 -9 ------------ Run | Yrd Mat Min Mat Used RIF Installer . | . . . . Robots Hacked 1 | . . 1 . Non-combat 1 | . . 1 . Combat . | . . . . Robot Hacks Applied 1 | . . 1 . no_distress 1 | . . 1 . Relay Couplers Released . | . . . . Fabnet Peak Effective % . | . . . . Robots Rewired . | . . . . Allies Hacked . | . . . . Hacks Repelled . | . . . . Allies | -11 -10 -10 -9 -------- Run | Yrd Mat Min Mat Total Allies 1 | . 1 . . Largest Group 1 | . 1 1 . Highest-Rated Group 10 | . 10 9 . Highest-Rated Ally 10 | . 10 9 . Total Orders 2 | . 2 . . STAY 1 | . 1 . . FOLLOW 1 | . 1 . . Ally Attacks . | . . . . Total Damage . | . . . . Kills . | . . . . Allies Corrupted . | . . . . Allies Melted . | . . . . Intel | -11 -10 -10 -9 ------- Run | Yrd Mat Min Mat Robot Analysis Total 3 | . 3 . . Derelict Logs Recovered 3 | . . 3 . Drone Launches . | . . . . Drone Recoveries . | . . . . Exploration | -11 -10 -10 -9 ------------- Run | Yrd Mat Min Mat Turns Passed 1921 | 88 792 792 249 Spaces Moved 1808 | 90 589 905 224 Core 1808 | 90 589 905 224 Treads . | . . . . Legs . | . . . . Wheels . | . . . . Hover . | . . . . Flight . | . . . . Fastest Speed 50 | 50 50 50 50 Average Speed 50 | 50 50 50 55 Slowest Speed 100 | 50 100 50 100 Overloaded Moves . | . . . . Propulsion Burnouts . | . . . . Robots Hopped . | . . . . Cave-ins Triggered . | . . . . Exploration Rate (%) 53 | 4 95 94 21 Regions Visited 3 Branch Regions 1 Pre-discovered Areas 1 | . . 1 . Known Exits Taken . | . . . . Unknown Exits Taken 3 | 1 1 1 . Scrap Searched 1 | . . 1 . Spaces Dug 2 | . . . 2 Terrain Destroyed 50 | . 8 1 41 Melee 2 | . . . 2 Projectile 1 | . . 1 . AOE 47 | . 8 . 39 Terrain Rammed . | . . . . Walls Destroyed . | . . . . Machines Disabled . | . . . . Actions | -11 -10 -10 -9 --------- Run | Yrd Mat Min Mat Total 2684 | 109 1021 1235 319 Wait 734 | . 364 306 64 Move 1805 | 89 588 904 224 Hop . | . . . . Pick Up 16 | 3 6 2 5 Fast Attach 14 | 3 6 2 3 Attach 7 | . 1 3 3 Detach 2 | 1 . 1 . Swap 4 | . 2 . 2 Drop 14 | 1 7 3 3 Fire 69 | 12 47 7 3 Melee 14 | . . 2 12 Ram . | . . . . Kick . | . . . . Crush . | . . . . Escape Stasis . | . . . . Rewire . | . . . . Trap 5 | . . 5 . Miscellaneous . | . . . . Route ------- -11/Scrapyard -10/Materials (discovered 6 exits: *Mat x3 / *Min x2 / Sub) -10/Mines (discovered 2 exits: *Mat / *Sub) -9/Materials (discovered 2 exits: Mat x2) History --------- Turn | Location | Event 5 | -11/Scrapyard | Discovered new exit (range 15) 89 | -11/Scrapyard | Entered Materials 102 | -10/Materials | Discovered new exit (range 13) 251 | -10/Materials | Discovered new exit (range 8) 290 | -10/Materials | Discovered new exit (range 9) 308 | -10/Materials | Build established: Mutant 325 | -10/Materials | Discovered new exit (range 14) 423 | -10/Materials | Central database locked down 423 | -10/Materials | Discovered new exit (range 16) 489 | -10/Materials | Learned 2 Mines zone layouts 555 | -10/Materials | Loaded intel: 1 repair station location 610 | -10/Materials | Learned location of 1 exit from Storage 653 | -10/Materials | Learned 4 Recycling zone layouts 688 | -10/Materials | Identified exit to Subcaves 688 | -10/Materials | Learned location of 2 exits from Materials 724 | -10/Materials | Learned Storage trap positions 777 | -10/Materials | Learned Storage security intel 816 | -10/Materials | Learned location of 1 exit from Storage 867 | -10/Materials | Learned 4 Subcaves zone layouts 881 | -10/Materials | Entered Mines 881 | -10/Mines | Accompanied by 1 ally 882 | -10/Mines | Assembled infested the area 887 | -10/Mines | Assisted by a Guerilla fighting off Assembled 888 | -10/Mines | Received a Rocket Launcher from a helpful Derelict 901 | -10/Mines | Found a hidden stash of uninstalled traps 922 | -10/Mines | Learned location of Zion (-6) 930 | -10/Mines | Learned Materials garrison access intel 931 | -10/Mines | Learned Materials security intel 1668 | -10/Mines | Discovered new exit (range 8) 1673 | -10/Mines | Entered Materials 1673 | -9/Materials | Evolved 2 slots: Utility x2 1674 | -9/Materials | Identified exit to Materials 1856 | -9/Materials | Core integrity fell below 50% 1865 | -9/Materials | Core integrity fell below 20% 1922 | -9/Materials | Destroyed by Y-45 Defender with Beam Rifle Last Messages --------------- 6x Cld. Ion Engine (2 escorts) A-02 Transporter 3x Imp. Flight Unit (2 escorts) A-02 Transporter 1x Matter (79) 1x Disposable Heat Sink 1x Targeting Computer A-02 Transporter 2x Imp. EM Shotgun 4x Imp. Medium Laser (2 escorts) A-02 Transporter 1x Hcp. Storage Unit 2x Imp. Light Cannon 01913_ ALERT: Suspicious activity at Terminal M001. Dispatching Investigation squad. 01918_ Dropped Hammer. 01918_ Acquired Maul. Map ----- +----------------------------------------------------+ | ?????????????????????????????????????????? | | ?????????????????????????????????????????? | | ?????????????????????????????????????????? | | ?????????????????????????????????????????? | | ?????????????????????????????????????????? | | ?????????????????????????????????????????? | | ?????????????????????????????????????????? | | ?????????????????????????????????????????? | | ?????????????????????????????????????????? | | ?????????????????????????????????????????? | | ?????????????????????????????????????????? | | ?????????????????????????????????????????? | | ?????????????????????????????????????????? | | ?????????????????????????????????????????? | | ?????????????????????????????????????????? | | ?????????????????????????????????????????? | | ?????????????????????????????????????????? | | ?????????????????????????????????????????? | | ?????????????????????#???????????????????? | | ???????????????????? #???????????????????? | | ?????????#########?? #???????????????????? | | ????????# #? #???????????????????? | | ????????# """ #? #???????????????????? | | ????????# """"" # #???????????????????? | | ????????# """"" # #T### #?????????? | | ????????# """"" @ ??????? | | ????????# """ # Y #?????????? | | ????????# # r #?????????? | | ???????## / #? ##### #?????????? | | ????#???# #? #???????###?????????? | | ##???########+#### ###?????????????????? | | ???#?# # ?????????????????? | | ?#?#?# """"""" ""# ###?????????????????? | | ?????# """"""" T"### #???????????????????? | | ????## """"""" ""#?# #???????????????????? | | ???### """"""" #?# #???????????????????? | | ????# """"""" #?# #???????????????????? | | ?##### #?# #??# ?????????????? | | ?#???#####+######### #### ?????????????? | | ###???## ##### ## ?????????????? | | ######## ## ?????????????? | | ?#### T #####?????????????? | | ??#?# ## #?????????????????? | | #?### ## ##### #?????????????????? | | ?##?# "###"### #####+####????????????????? | | ?#### T /! ## #????????????????? | | ?## # /! ## #????????????????? | | ## [ !] ## #????????????????? | | # # = ## #????????????????? | | # =# +###### #????????????????? | +----------------------------------------------------+ Best States ------------- Heat Dissipation 28 Coolant Potential 50 Energy Generation 10 Energy Capacity 125 Matter Stores 300 Matter Capacity 300 Sight Range 18 Terrain Scan Range 14 Terrain Scan Density 85 Additional Mass Support 6 Evasion (%) 50 Offensive Hacking 10 Item Schematics ----------------- Utility Shielding | -10/Materials | Hacked Seismic Detector | -10/Materials | Hacked Hacking Suite | -9/Materials | Scanalyzed Rocket Launcher | -9/Materials | Scanalyzed Datajack | -9/Materials | Scanalyzed Terrain Scan Processor | -9/Materials | Scanalyzed Robot Schematics ------------------ None Fabricated ------------ Nothing Alien Tech Used ----------------- None Achievements -------------- None Challenges ------------ None Game ------ Seed MasterRagnarokAccelerator Manual? 0 Play Time 00:27:47 Cumulative 92.9 hours Start 2024.11.11 @ 21:55:54 End 2024.11.11 @ 22:20:51 Sessions 1 Manual Loads 0 Difficulty Rogue Special Mode None Game No. 90 Rogue 90 Adventurer 0 Explorer 0 Win Type - Total 2 Types 2/0/0/0/0/0/0/0/0 Lore% 51 Gallery% 51 Achievement% 43 Wizard Run 0 Options --------- Layout 1 ASCII 0 Keyboard 1 Movement Arrows Keybinds 0 Fullscreen 2 Font 24/Smallcaps Map View 50x35 Zoom Use 0% Tactical HUD 1 Map Filters NONE Filters NONE Steam 1 RUN: a7f81fcf-210e-404e-a2fe-5a4a930ad9ee